 Dungeon Crawl Stone Soup version 0.27.1 (webtiles) character file.

Game seed: 16650745304776138547

61 hawla the Sneak (level 3, -2/22 HPs)
             Began as a Deep Elf Delver on Sept 2, 2021.
             Slain by a bullfrog skeleton (4 damage)
             ... on level 5 of the Dungeon.
             The game lasted 00:00:37 (36 turns).

hawla the Sneak (Deep Elf Delver)                     Turns: 36, Time: 00:00:38

Health: -2/22      AC:  3    Str:  9    XL:     3   Next: 83%
Magic:  5/5        EV: 12    Int: 15    God:
Gold:   0          SH:  0    Dex: 16    Spells: 2/2 levels left

rFire    . . .     SeeInvis .   a - +0 short sword
rCold    . . .     Faith    .   (no shield)
rNeg     . . .     Spirit   .   b - +0 leather armour
rPois    .         Reflect  .   (no helmet)
rElec    .         Harm     .   (no cloak)
rCorr    .         Rampage  .   (no gloves)
Will     .....                  (no boots)
Stlth    +++.......             (no amulet)
HPRegen  0.07/turn              (no ring)
MPRegen  0.09/turn              (no ring)

@: hasted, very quick
A: no striking features
a: no special abilities


You were on level 5 of the Dungeon.
You visited 1 branch of the dungeon, and saw 1 of its levels.

Inventory:

Hand Weapons
 a - a +0 short sword (weapon)
Armour
 b - a +0 leather armour (worn)
Wands
 g - a wand of digging (3)
Scrolls
 c - a scroll of fog
 d - a scroll of magic mapping
 e - a scroll of fear


   Skills:
 + Level 2.7 Fighting
 + Level 2.2 Short Blades
 + Level 2.5 Dodging
 + Level 7.4 Stealth


You had 2 spell levels left.
You didn't know any spells.
Your spell library was empty.

Dungeon Overview and Level Annotations

Branches:
Dungeon (5/15)
 Temple: D:4-7

Altars:

Annotations:
D:5 1 runed translucent door, ZARRMARR's ghost, novice OpTm


Message History

An adder comes into view.
Found a scroll labelled BURUBB HIDASCHA.
The helpless scorpion fails to defend itself.
You puncture the scorpion!
The scorpion is almost dead.
The scorpion stings you but does no damage.
You hit the scorpion.
You kill the scorpion!
Your Stealth skill increases to level 7!
You have reached level 2!
You have reached level 3!
Your experience leads to an increase in your attributes!
Increase (S)trength, (I)ntelligence, or (D)exterity?
You feel clever.
A bullfrog skeleton comes into view.
Found a quarterstaff.
The helpless adder fails to defend itself.
You impale the adder!!
You kill the adder!
You hit the bullfrog skeleton.
The bullfrog skeleton is lightly damaged.
The bullfrog skeleton misses you.
You hit the bullfrog skeleton.
The bullfrog skeleton is moderately damaged.
The bullfrog skeleton hits you.
You hit the bullfrog skeleton.
The bullfrog skeleton is moderately damaged.
The bullfrog skeleton completely misses you.
Your leather armour prevents you from hitting the bullfrog skeleton.
The bullfrog skeleton is moderately damaged.
The bullfrog skeleton hits you. The bullfrog skeleton misses you.
You barely miss the bullfrog skeleton.
The bullfrog skeleton is moderately damaged.
The bullfrog skeleton hits you. The bullfrog skeleton hits you.
* * * LOW HITPOINT WARNING * * *
The bullfrog skeleton hits you.
* * * LOW HITPOINT WARNING * * *
You feel yourself speed up. The bullfrog skeleton hits you.
You die...

#....# #. #.# P8P# #....#
#.##.# W$.# #....#
#.##.###+## #....#
#.##..#...#
######....####........######
#...................#.......
#.................#.#.......
#)................#.........
#..........Z@.....##........
#.....?...........##..#######
#..............######........
#...........†..#.....>.......
#............................
#..............#.............
#...............###+#.#######
#............##.# #.#
........# .. #.#


You could see a bullfrog skeleton.

Vanquished Creatures
  A scorpion (D:5)
  An adder (D:5)
2 creatures vanquished.

Notes
Turn   | Place    | Note
-------+----------+-------------------------------------------
     0 | D:5      | hawla the Deep Elf Delver began the quest for the Orb.
     0 | D:5      | Reached XP level 1. HP: 13/13 MP: 3/3
     1 | D:5      | Found a runed translucent door.
     2 | D:5      | Noticed ZARRMARR's ghost (novice OpTm)
     6 | D:5      | Noticed a scorpion
    14 | D:5      | Killed a scorpion
    15 | D:5      | Reached skill level 7 in Stealth
    15 | D:5      | Reached XP level 2. HP: 18/18 MP: 4/4
    15 | D:5      | Reached XP level 3. HP: 22/22 MP: 5/5
    36 | D:5      | Slain by a bullfrog skeleton

Illustrated notes

Levels and vault maps discovered:
D:5:      layout_basic, tgw_sif, gammafunk_ghost_grave, minmay_pentangle

Skill      XL: |  1 |
---------------+----+-----
Stealth        | 7 |  7.4
Fighting       | |  2.7
Short Blades   | |  2.2
Dodging        | |  2.5

Action                   || total
-------------------------++-------
Melee: Short sword       ||     8
  Use: Potion            ||     1
 Stab: Sleeping          ||     2
Armor: Leather armour    ||     1
Dodge: Dodged            ||     3
